 Dungeon Sprint DCSS version 0.27-a0-216-g1fbed8a51c (webtiles) character file.

Game seed: 11787406942431875915

9701 mhtbhm the Severer (level 11, -3/90 HPs)
             Began as an Octopode Berserker on Jan 31, 2021.
             Was the Champion of Trog.
             Slain by a 12-headed hydra (7 damage)
             ... while paralysed by a floating eye
             ... in the Dungeon (Sprint I: "Red Sonja").
             The game lasted 00:05:03 (3228 turns).

mhtbhm the Severer (Octopode Berserker)             Turns: 3228, Time: 00:05:04

Health: -3/90      AC:  5    Str: 23    XL:     11   Next: 50%
Magic:  11/11      EV:  2    Int:  9    God:    Trog [******]
Gold:   833        SH:  0    Dex: 13    Spells: 10/10 levels left

rFire    . . .     SeeInvis .   a - +1 broad axe (vorpal)
rCold    . . .     Faith    .   (no shield)
rNeg     . . .     Spirit   .   (helmet restricted)
rPois    .         Reflect  .   (no amulet)
rElec    .         Harm     .   m - ring "Mieffa Enkyl" {AC+4 Str+4}
rCorr    .         Rampage  .   (no ring)
Will     .....     NoTele   +   (no ring)
Stlth    ++++++....             (no ring)
HPRegen  0.25/turn              (no ring)
MPRegen  0.12/turn              (no ring)
                                (no ring)
                                (no ring)

@: paralysed, hasted
A: almost no armour, stealthy swim, amphibious, 8 rings, constrict 8, camouflage
1, gelatinous body 1
a: Renounce Religion, Berserk, Trog's Hand, Brothers in Arms


You were in the Dungeon.
You worshipped Trog.
Trog was exalted by your worship.
You visited 1 branch You collected 1502 gold pieces.
You spent 669 gold pieces at shops.

Inventory:

Hand Weapons
 a - a +1 vorpal broad axe (weapon)
Missiles
 j - 5 curare-tipped darts (quivered)
Jewellery
 m - the ring "Mieffa Enkyl" (left tentacle) {AC+4 Str+4}
   (You bought it in a shop in the Dungeon)

   [ring of protection]

   It affects your AC (+4).
   It affects your strength (+4).
Wands
 h - a wand of random effects (6)
Scrolls
 g - a scroll of blinking
 i - a scroll of identify
 l - a scroll of fear
Potions
 b - 4 potions of curing
 c - 2 potions of heal wounds
 e - 2 potions of magic
 f - a potion of berserk rage
 n - a potion of resistance


   Skills:
 + Level 14.2 Fighting
 + Level 16.5 Axes
 + Level 2.0 Throwing
 + Level 13.6 Dodging
 + Level 13.9 Stealth
 + Level 0.2 Evocations


You had 10 spell levels left.
You didn't know any spells.
Your spell library was empty.

Dungeon Overview and Level Annotations

Branches:
Dungeon (1/1)

Altars:
Cheibriados
Dithmenos
Elyvilon
Fedhas
Gozag
Hepliaklqana
Kikubaaqudgha
Makhleb
Nemelex Xobeh
Okawaru
Qazlal
Ru
Sif Muna
Trog
Uskayaw
Vehumet
Wu Jian
Xom
Yredelemnul
Zin
The Shining One
Jiyva
Lugonu

Shops:
D *[}=![![::*(**[[(


Innate Abilities, Weirdness & Mutations

You cannot wear most types of armour.
You are very stealthy in the water. (Stealth+)
You are amphibious.
You can wear up to eight rings at the same time.
You can use your tentacles to constrict eight enemies at once.
Your skin changes colour to match your surroundings (Stealth+).
Your rubbery body absorbs attacks. (AC +1, EV +1)


Message History

The 12-headed hydra completely misses you.
The 12-headed hydra closely misses you. The 12-headed hydra bites you!
The 12-headed hydra misses you. The floating eye seems to glare at you.
Evoke which item? (* to show all) (? for menu, Esc to quit)
Aiming: Random Effects
Press: ? - help, Shift-Dir - straight line, f - floating eye, p - 12-headed hydra
Aim: a floating eye (fully charged)
The floating eye resists with significant effort.
The floating eye gazes piercingly through you!
You suddenly lose the ability to move!
The 12-headed hydra bites you! x2
* * * LOW HITPOINT WARNING * * *
The 12-headed hydra bites you.
* * * LOW HITPOINT WARNING * * *
The 12-headed hydra bites you!
* * * LOW HITPOINT WARNING * * *
The 12-headed hydra completely misses you.
The 12-headed hydra bites you!
You die...

########################
.'.).#(.#§§§§§§§§G§.'.$#
.#)..##'#§####§§@D§##§.+
##...'.)#§# ##§§§## ##
§#####.!'.# ###+#
§#..##+#### §'..# §#§.#
###)### ###.'.# #[###.#


You could see a 12-headed hydra and a floating eye.

Vanquished Creatures
  2 centaur warriors (D)
  Sonja (D)
  A deep troll (D)
  2 unseen horrors (D)
  A lindwurm (D)
  An oklob plant (D)
  2 kobold demonologists (D)
  4 demonic crawlers (D)
  A slime creature (D)
  A hornet (D)
  Sigmund (D)
  2 redbacks (D)
  A yak (D)
  13 hogs (D)
  2 floating eyes (D)
  An ogre (D)
  7 necrophages (D)
  8 jellies (D)
  Ijyb (D)
  A ballistomycete spore (D)
53 creatures vanquished.

Vanquished Creatures (others)
  A gargoyle (D)
  A ballistomycete spore (D)
2 creatures vanquished.

Grand Total: 55 creatures vanquished

Notes
Turn   | Place    | Note
-------+----------+-------------------------------------------
     0 | D        | mhtbhm the Octopode Berserker began the quest for the Orb.
     0 | D        | Reached XP level 1. HP: 16/16 MP: 1/1
     1 | D        | Noticed Ijyb
    10 | D        | Killed Ijyb
    11 | D        | Reached skill level 4 in Axes
    11 | D        | Reached XP level 2. HP: 20/23 MP: 2/2
    11 | D        | Reached XP level 3. HP: 24/27 MP: 3/3
   219 | D        | Noticed an ogre
   223 | D        | Killed an ogre
   224 | D        | Reached skill level 6 in Axes
   224 | D        | Reached XP level 4. HP: 36/36 MP: 4/4
   368 | D        | Noticed Sigmund
   374 | D        | Killed Sigmund
   374 | D        | Reached ** piety under Trog
   375 | D        | Reached skill level 7 in Axes
   375 | D        | Reached XP level 5. HP: 44/44 MP: 5/5
   375 | D        | Reached XP level 6. HP: 50/50 MP: 6/6
   498 | D        | Found an ornate altar of the Wu Jian Council.
   498 | D        | Found a shimmering blue altar of Sif Muna.
   500 | D        | Found a radiant altar of Vehumet.
   507 | D        | Reached skill level 8 in Axes
   520 | D        | Found a burning altar of Makhleb.
   520 | D        | Found a viscous altar of Jiyva.
   520 | D        | Found a shimmering altar of Xom.
   520 | D        | Found a corrupted altar of Lugonu.
   520 | D        | Noticed a slime creature
   526 | D        | Killed a slime creature
   527 | D        | Reached skill level 9 in Axes
   527 | D        | Reached XP level 7. HP: 57/57 MP: 7/7
   682 | D        | Found Poextat's Antique Armour Emporium.
   682 | D        | Found an ancient bone altar of Kikubaaqudgha.
   682 | D        | Found a hazy altar of Hepliaklqana.
   682 | D        | Found a stormy altar of Qazlal.
   682 | D        | Found a hide-covered altar of Uskayaw.
   682 | D        | Found a blossoming altar of Fedhas.
   682 | D        | Found a bloodstained altar of Trog.
   682 | D        | Found an iron altar of Okawaru.
   682 | D        | Found a basalt altar of Yredelemnul.
   682 | D        | Found a glowing golden altar of the Shining One.
   682 | D        | Found a snail-covered altar of Cheibriados.
   682 | D        | Found a sacrificial altar of Ru.
   682 | D        | Found a glowing silver altar of Zin.
   682 | D        | Found a shadowy altar of Dithmenos.
   682 | D        | Found a white marble altar of Elyvilon.
   682 | D        | Noticed a yak
   683 | D        | Found an opulent altar of Gozag.
   693 | D        | Killed a yak
   693 | D        | Reached *** piety under Trog
   694 | D        | Found a sparkling altar of Nemelex Xobeh.
   750 | D        | Noticed Sonja
   756 | D        | Killed Sonja
   757 | D        | Reached skill level 10 in Fighting
   757 | D        | Reached skill level 11 in Axes
   757 | D        | Reached skill level 10 in Dodging
   757 | D        | Reached XP level 8. HP: 65/65 MP: 8/8
   771 | D        | Noticed a deep troll
   782 | D        | Killed a deep troll
   783 | D        | Reached XP level 9. HP: 35/72 MP: 9/9
   793 | D        | Found Xefucut's Armour Emporium.
   880 | D        | Found Noukkaes's General Store.
   889 | D        | Bought a potion of heal wounds for 55 gold pieces
   942 | D        | Killed a gargoyle
  1069 | D        | Noticed a kobold demonologist
  1070 | D        | Noticed a kobold demonologist
  1073 | D        | Reached **** piety under Trog
  1074 | D        | Reached skill level 12 in Axes
  1076 | D        | Killed a kobold demonologist
  1077 | D        | Reached skill level 1 in Throwing
  1079 | D        | Killed a kobold demonologist
  1246 | D        | Noticed a centaur warrior
  1247 | D        | Noticed a centaur warrior
  1256 | D        | Killed a centaur warrior
  1257 | D        | Reached skill level 13 in Axes
  1262 | D        | Killed a centaur warrior
  1262 | D        | Reached ***** piety under Trog
  1263 | D        | Reached skill level 10 in Stealth
  1263 | D        | Reached XP level 10. HP: 74/81 MP: 10/10
  1635 | D        | Noticed an oklob plant
  1642 | D        | Killed an oklob plant
  1642 | D        | Received a gift from Trog
  1643 | D        | Reached skill level 14 in Axes
  1816 | D        | Killed an unseen horror
  1828 | D        | Killed an unseen horror
  2154 | D        | Reached skill level 15 in Axes
  2371 | D        | Reached ****** piety under Trog
  2373 | D        | Received a gift from Trog
  2384 | D        | Reached XP level 11. HP: 88/88 MP: 11/11
  2405 | D        | Found Eppumi's Jewellery Shoppe.
  2405 | D        | Found Soinipe's Gadget Shop.
  2405 | D        | Found Jytirpham's Distillery.
  2407 | D        | Found Ybli Ragg's Antique Armour Emporium.
  2407 | D        | Found Riteys's Distillery.
  2407 | D        | Found Gifrep's Antique Armour Shoppe.
  2407 | D        | Found Xaklep's Book Boutique.
  2407 | D        | Found Homatsu's Book Emporium.
  2407 | D        | Found Wegesef's General Store.
  2407 | D        | Found Ewnism's Antique Weapon Shoppe.
  2412 | D        | Bought the ring "Mieffa Enkyl" {AC+4 Str+4} for 514 gold
                  | pieces
  2413 | D        | Found Wyhitey's Assorted Antiques.
  2414 | D        | Found Duytorhi's Antique Armour Emporium.
  2414 | D        | Found Ukhong's Assorted Antiques.
  2415 | D        | Found Hiur Isauc's Weapon Emporium.
  2434 | D        | Bought a potion of resistance for 100 gold pieces
  2509 | D        | Received a gift from Trog
  2801 | D        | Noticed a lindwurm
  2807 | D        | Killed a lindwurm
  2935 | D        | Reached skill level 16 in Axes
  2936 | D        | Received a gift from Trog
  3221 | D        | Noticed a 12-headed hydra
  3227 | D        | Paralysed by a floating eye for 3 turns
  3228 | D        | HP: 4/90 [12-headed hydra (13)]
  3228 | D        | Slain by a 12-headed hydra

Illustrated notes

Levels and vault maps discovered:
D:        dungeon_sprint_1 [red_sonja_temple_1, red_sonja_temple_small_1]

Skill      XL: |  1  2  3  4  5  6  7  8  9 10 11 |
---------------+----------------------------------+-----
Fighting       | 4 6 7 9 10 11 12 13 14 | 14.2
Axes           | 4 6 7 9 11 13 15 16 | 16.5
Dodging        | 4 6 7 9 10 11 12 13 | 13.6
Stealth        | 2 3 6 7 10 12 13 | 13.9
Throwing       | 1 2 |  2.0
Evocations     | |  0.2

Action                   |  1- 3 |  4- 6 |  7- 9 | 10-12 || total
-------------------------+-------+-------+-------+-------++-------
Melee: Hand axe          |     9 |    11 |    39 |    76 ||   135
       Tentacles         |     2 |     5 |     6 |    26 ||    39
       Constrict         |     1 |     1 |     3 |    21 ||    26
       Broad axe         |       |       |       |    22 ||    22
       Battleaxe         |       |       |       |    14 ||    14
Throw: Dart              |       |       |     2 |       ||     2
Invok: Berserk           |     1 |     2 |     3 |     8 ||    14
Evoke: Wand              |       |       |     1 |     2 ||     3
  Use: Scroll            |       |       |       |     3 ||     3
       Potion            |       |       |       |     1 ||     1
 Stab: Sleeping          |     1 |     2 |     1 |     7 ||    11
       Paralysed         |       |       |     2 |       ||     2
Armor: Skin              |       |       |       |     4 ||     4
Dodge: Dodged            |     5 |     4 |    22 |    95 ||   126

Table legend: (Time is in decaauts)
 A = Elapsed time spent in this place.
 B = Non-inter-level travel time spent in this place.
 C = Inter-level travel time spent in this place.
 D = Time resting spent in this place.
 E = Time spent auto-exploring this place.
 F = Levels seen in this place.
 G = Mean time per level.
                   A        B        C        D        E       F      G
               +--------+--------+--------+--------+--------+-----+--------+
         Total |   3318 |   3318 |      0 |   2496 |      1 |   1 | 3318.0 |
       Dungeon |   3318 |   3318 |      0 |   2496 |      1 |   1 | 3318.0 |
               +--------+--------+--------+--------+--------+-----+--------+

Top non-repeatable levels by time:
       D: 3318 daAuts
